AoeStats
← 一剑扫秋风nelson

African Clearing

505398541Analyzed
4v4 RM · 23d ago on Sep 9, 2026· 21m 26s· 8 players
Game mode
Random Map
Map size
Large (8 player)
Population
200
Speed
Normal
Resources
Standard
Victory
Conquest
Starting age
Dark Age
Ending age
Imperial Age
RankedLock teamsTeams togetherTeam positionsShared explorationLock speedFull tech treeHidden civsTurbo modeCheats
Victory
Defeat
🇨🇳 Magyars · China
1887
+1
🇻🇳 Spanish · Vietnam
1887
+1
🇨🇳 Mapuche · China
1879
+1
🇩🇪 Turks · Germany
1603
+4
🇳🇿 Britons · New Zealand
1457
-3
🇻🇳 Inca · Vietnam
1337
-2
🇨🇳 Vietnamese · China
1285
-1
🇲🇽 Italians · Mexico
1278
-1
一剑扫秋风nelson
13:18 Feudal Age
13:56 Loom
17:05 Castle Age
14:59 Double-Bit Axe
15:13 Horse Collar
16:24 Gold Mining
16:25 Stone Mining
18:19 Heavy Plow
[Liiit] Zbyszek
9:36 Loom
12:08 Feudal Age
16:26 Castle Age
14:21 Double-Bit Axe
16:00 Scale Barding Armor
17:43 Bow Saw
19:29 Horse Collar
22:12 Wheelbarrow
_LY_Pala
11:59 Feudal Age
12:37 Town Watch
13:08 Double-Bit Axe
14:55 Scale Barding Armor
15:38 Bloodlines
15:25 Horse Collar
18:40 Loom
ĐLucky
12:48 Feudal Age
11:06 Loom
16:29 Castle Age
14:53 Double-Bit Axe
[GMEX] | The_Spartako
3:10 Loom
15:07 Feudal Age
19:02 Castle Age
20:53 Fletching
21:42 Double-Bit Axe
Not Ben
4:44 Loom
14:19 Feudal Age
15:24 Double-Bit Axe
18:26 Castle Age
gianghodd01
13:36 Feudal Age
11:53 Loom
19:33 Castle Age
18:06 Scale Mail Armor
17:59 Champi Runner
19:41 Champi Warrior
20:43 Squires
Elephant
10:43 Loom
12:55 Feudal Age
17:05 Castle Age
15:12 Horse Collar
15:58 Double-Bit Axe
Connection lost

Rejoining the realm…

Still unreachable

The connection could not be restored.

Session expired

The server has moved on; the page needs a fresh start.